 Dungeon Crawl Stone Soup version 0.30-a0-782-ge64f9170bb (webtiles) character file.

Game seed: 1917286680002323710

1086 Grim the Carver (level 8, 0/64 HPs)
             Began as a Minotaur Berserker on Mar 2, 2023.
             Was a Priest of Trog.
             Slain by a bullfrog (4 damage)
             ... on level 5 of the Dungeon.
             The game lasted 00:05:54 (4141 turns).

Grim the Carver (Minotaur Berserker)                Turns: 4141, Time: 00:05:55

Health: 0/64       AC:  7    Str: 22    XL:     8   Next: 9%
Magic:  7/7        EV: 11    Int:  6    God:    Trog [***...]
Gold:   240        SH:  0    Dex: 10    Spells: 7/7 levels left

rFire   . . .      SeeInvis .    a - +0 falchion
rCold   + . .      Faith    .    (no shield)
rNeg    + . .      Spirit   .    p - +1 ring mail {rC+}
rPois   .          Reflect  .    (helmet restricted)
rElec   .          Harm     .    (no cloak)
rCorr   .          Rampage  .    e - +0 pair of gloves
Will    ++...                    (no boots) Stlth
                                 (no amulet)
HPRegen 1.30/turn                x - ring of positive energy
MPRegen 0.10/turn                (no ring)

@: lethally poisoned (0 -> 0), strong-willed, on berserk cooldown, regenerating
A: horns 2, retaliatory headbutt
a: Renounce Religion, Berserk, Trog's Hand


You were on level 5 of the Dungeon.
You worshipped Trog.
Trog was most pleased with you.
You visited 1 branch of the dungeon, and saw 6 of its levels.

You collected 240 gold pieces.

Inventory:

Hand Weapons
 a - a +0 falchion (weapon)
Missiles
 o - 4 boomerangs (quivered)
Armour
 e - a +0 pair of gloves (worn)
 p - a +1 ring mail of cold resistance (worn)
Jewellery
 x - a ring of positive energy (left hand)
Scrolls
 b - a scroll of immolation {unknown}
 d - a scroll of blinking {unknown}
 h - 8 scrolls of identify {unknown}
 j - 3 scrolls of teleportation {unknown}
 m - a scroll of brand weapon {unknown}
 t - a scroll of torment {unknown}
 w - 2 scrolls of poison {unknown}
 y - a scroll of amnesia {unknown}
 z - 2 scrolls of summoning {unknown}
 B - a scroll of fear {unknown}
Potions
 c - 4 potions of curing {unknown}
 f - 3 potions of attraction {unknown}
 g - 2 potions of haste {unknown}
 i - 2 potions of degeneration {unknown}
 k - a potion of might {unknown}
 l - 2 potions of lignification {unknown}
 n - 2 potions of flight {unknown}
 q - a potion of invisibility {unknown}
 r - 3 potions of mutation {unknown}
 s - a potion of heal wounds {unknown}
 u - 2 potions of brilliance {unknown}
 v - a potion of berserk rage {unknown}
 A - a potion of ambrosia {unknown}


   Skills:
 - Level 3.6 Fighting
 + Level 11.8 Long Blades
 - Level 2.4 Armour
 - Level 2.1 Dodging


You had 7 spell levels left.
You didn't know any spells.
Your spell library was empty.

Dungeon Overview and Level Annotations

Branches:
Dungeon (6/15)             Temple (0/1) D:4

Altars:

Shops:
D:4 !!!


Innate Abilities, Weirdness & Mutations

You have a pair of horns on your head.
You reflexively headbutt those who attack you in melee.


Message History

The adder closely misses you.
An orc priest comes into view. It is wielding a +0 club.
Found a black potion.
The adder barely misses you.
Found a stone staircase leading down.
An iguana comes into view.
The adder bites you but does no damage.
Found two stone staircases leading up and a stone staircase leading down.
The sentinel's mark upon you fades away.
The adder bites you but does no damage.
Found 17 gold pieces.
The adder closely misses you. The adder misses you. You furiously retaliate!
You headbutt the adder! The adder misses you. The bullfrog closely misses you.
The bullfrog attacks as you move away! The bullfrog barely misses you.
You furiously retaliate!
You headbutt the bullfrog! The adder attacks as you move away!
The adder bites you but does no damage. The adder bites you.
* * * LOW HITPOINT WARNING * * *
The bullfrog hits you.
* * * LOW HITPOINT WARNING * * *
The bullfrog attacks as you move away! The bullfrog hits you.
* * * LOW HITPOINT WARNING * * *
The adder attacks as you move away! The adder bites you but does no damage.
You feel yourself speed up. The bullfrog closely misses you.
The adder bites you but does no damage. The adder attacks as you move away!
The adder completely misses you. The bullfrog barely misses you.
There is a stone staircase leading up here.
The adder bites you.
* * * LOW HITPOINT WARNING * * *
You are lethally poisoned!
The adder poisons you! The bullfrog completely misses you.
The adder bites you but does no damage.
You climb upwards.
* * * LOW HITPOINT WARNING * * *
You feel very sick.
There is a stone staircase leading down here.
Your skin crawls.
You feel strong-willed.
You feel sick. The bullfrog hits you.
You die...

####...##...##...#
..##...#######..<#
..##...##........#
........#........#
........#........#
.......##..:##...#
..##...##...##...#
..##.............#
................@#
...............SF#
.......##'#########
..##...#..........#
..##...#..........#
...#...#..........#
...#...#..........#
...#...#..........#
...#...#..........#


You could see a bullfrog and an adder.

Vanquished Creatures
  A water moccasin (D:6)
  A black bear (D:5)
  2 ogres (D:5)
  A phantom (D:5)
  A scorpion (D:5)
  2 orc priests
  3 hounds (D:5)
  Jessica (D:2)
  5 iguanas
  An orc wizard (D:5)
  6 gnolls (D:4)
  9 adders
  A white imp (D:6)
  An ufetubus (D:4)
  2 worms (D:3)
  2 dart slugs
  12 orcs
  4 bats
  9 endoplasms
  5 giant cockroaches
  7 goblins
  7 hobgoblins
  8 jackals
  4 quokkas
  6 ball pythons
  3 frilled lizards
  6 kobolds
  7 rats
117 creatures vanquished.

Notes
Turn   | Place    | Note
-------+----------+-------------------------------------------
     0 | D:1      | Grim the Minotaur Berserker began the quest for the Orb.
     0 | D:1      | Reached XP level 1. HP: 19/19 MP: 0/0
   157 | D:1      | Reached skill level 4 in Long Blades
   163 | D:1      | Reached XP level 2. HP: 26/26 MP: 1/1
   491 | D:1      | Reached skill level 5 in Long Blades
   521 | D:1      | Reached XP level 3. HP: 17/31 MP: 2/2
   522 | D:1      | Reached ** piety under Trog
  1471 | D:2      | Reached skill level 6 in Long Blades
  1471 | D:2      | Reached XP level 4. HP: 36/39 MP: 3/3
  1490 | D:2      | Noticed Jessica
  1496 | D:2      | Killed Jessica
  2113 | D:3      | Reached skill level 7 in Long Blades
  2113 | D:3      | Reached XP level 5. HP: 45/45 MP: 4/4
  2577 | D:4      | Found Digg's Distillery.
  2698 | D:4      | Found Wiwanov's Distillery.
  2702 | D:4      | Reached *** piety under Trog
  2708 | D:4      | Reached skill level 8 in Long Blades
  2809 | D:4      | Reached XP level 6. HP: 51/51 MP: 5/5
  3027 | D:4      | Found Nabritoit's Distillery.
  3209 | D:4      | Found a staircase to the Ecumenical Temple.
  3229 | D:5      | Entered Level 5 of the Dungeon
  3302 | D:5      | Reached skill level 9 in Long Blades
  3470 | D:5      | Reached XP level 7. HP: 57/57 MP: 6/6
  3511 | D:5      | Reached skill level 10 in Long Blades
  3802 | D:5      | Reached skill level 11 in Long Blades
  4114 | D:6      | Reached XP level 8. HP: 60/64 MP: 7/7
  4141 | D:5      | Slain by a bullfrog

Illustrated notes

Levels and vault maps discovered:
D:1:      saegor_arrival_fortress, layout_basic
D:2:      layout_basic, serial_glass, glass_columns_b, glass_columns_c,
          glass_columns_c, glass_columns_a, glass_columns_b, glass_columns_b,
          glass_columns_a, glass_columns_b, glass_columns_a, glass_columns_c,
          uniq_jessica
D:3:      layout_basic, hangedman_decor_opposing
D:4:      layout_basic, temple_hall, serial_shops, nicolae_shop_stone,
          nicolae_stop_n_shop_1, nicolae_shop_waterfront, grunt_ministairs_9
D:5:      layout_gridville
D:6:      layout_rooms, uniq_pikel

Skill      XL: |  1  2  3  4  5  6  7 |
---------------+----------------------+-----
Long Blades    | 4 5 6 7 8 9 11 | 11.8
Fighting       | |  3.6
Armour         | |  2.4
Dodging        | |  2.1

Action                     |  1- 3 |  4- 6 |  7- 9 || total
---------------------------+-------+-------+-------++-------
  Melee: Falchion          |   116 |   143 |    62 ||   321
         Headbutt          |    17 |    16 |    11 ||    44
         Punch             |     1 |     2 |     1 ||     4
 Invoke: Berserk           |     3 |     6 |     2 ||    11
         Trog's Hand       |       |       |     3 ||     3
 Armour: Animal skin       |    26 |       |       ||    26
         Ring mail         |     7 |    50 |    33 ||    90
  Dodge: Dodged            |    90 |    86 |    46 ||   222

Table legend: (Time is in decaauts)
 A = Elapsed time spent in this place.
 B = Non-inter-level travel time spent in this place.
 C = Inter-level travel time spent in this place.
 D = Time resting spent in this place.
 E = Time spent auto-exploring this place.
 F = Levels seen in this place.
 G = Mean time per level.
                   A        B        C        D        E       F      G
               +--------+--------+--------+--------+--------+-----+--------+
         Total |   4230 |   4119 |    111 |    609 |   2776 |   6 |  705.0 |
       Dungeon |   4230 |   4119 |    111 |    609 |   2776 |   6 |  705.0 |
               +--------+--------+--------+--------+--------+-----+--------+

Top non-repeatable levels by time:
     D:1: 1049 daAuts
     D:5: 880 daAuts
     D:4: 823 daAuts
     D:3: 743 daAuts
     D:2: 665 daAuts
     D:6: 67 daAuts
